 Dungeon Crawl Stone Soup version 0.30-a0-394-g3e4acdb0ae (webtiles) character file.

Game seed: 134271879443476398

19460 Lobster4 the Thaumaturge (level 12, -1/74 HPs)
             Began as a Deep Elf Conjurer on Dec 7, 2022.
             Was a Priest of Vehumet.
             Slain by a sixfirhy (11 damage)
             ... in a Gauntlet.
             The game lasted 00:57:31 (14755 turns).

Lobster4 the Thaumaturge (Deep Elf Conjurer)       Turns: 14755, Time: 00:57:32

Health: -1/74      AC: 11    Str:  6    XL:     12   Next: 36%
Magic:  21/30      EV: 12    Int: 39    God:    Vehumet [***...]
Gold:   765        SH:  0    Dex: 13    Spells: 17/36 levels left

rFire   + . .      SeeInvis .    a - staff of conjuration
rCold   . . .      Faith    .    (no shield)
rNeg    . . .      Spirit   .    c - +0 leather armour
rPois   .          Reflect  .    d - +1 helmet "Heuckain" {rF+}
rElec   .          Harm     .    F - +1 cloak
rCorr   .          Rampage  .    K - +2 pair of gloves
Will    +....      NoTele   +    (no boots)
Stlth   ++........               r - amulet of magic regeneration
HPRegen 0.32/turn                G - +6 ring of intelligence
MPRegen 0.62/turn                L - +6 ring of intelligence

@: no status effects
A: no striking features
a: Renounce Religion


You were in a Gauntlet.
You worshipped Vehumet.
Vehumet was most pleased with you.
You visited 3 branches of the dungeon, and saw 13 of its levels.
You also visited: Gauntlet.

You collected 891 gold pieces.
You spent 126 gold pieces at shops.

Inventory:

Hand Weapons
 b - a +0 shortbow
 n - a +2 rapier of protection
 J - a +0 sling
Missiles
 j - 3 atropa-tipped darts
 x - 20 poisoned darts (quivered)
 y - a silver boomerang
 B - 3 boomerangs
 N - 2 javelins
Armour
 c - a +0 leather armour (worn)
 d - the +1 helmet "Heuckain" (worn) {rF+}
   (You found it on level 4 of the Dungeon)

   rF:        It protects you from fire.
 D - the +1 pair of gloves of Nehise Rohe {*Slow rPois Str-5 Dex+9}
   (You found it on level 4 of the Dungeon)

   Str:       It affects your strength (-5).
   Dex:       It affects your dexterity (+9).
   rPois:     It protects you from poison.
   *Slow:     It may slow you when you take damage.
 F - a +1 cloak (worn)
 K - a +2 pair of gloves (worn)
 M - a +0 kite shield
Magical Staves
 a - a staff of conjuration (weapon)
 t - a staff of fire
Jewellery
 o - an amulet of regeneration
 r - an amulet of magic regeneration (around neck)
 C - a +6 ring of strength
 G - a +6 ring of intelligence (left hand)
 L - a +6 ring of intelligence (right hand)
 Q - a ring of wizardry
Wands
 k - a wand of iceblast (5)
 p - a wand of light (5)
 q - a wand of flame (16)
 S - a wand of digging (4)
Scrolls
 g - 3 scrolls of identify
 h - 4 scrolls of amnesia
 i - 4 scrolls of teleportation
 l - 2 scrolls of poison
 m - 2 scrolls of enchant weapon
 w - a scroll of acquirement
 A - a scroll of brand weapon
 E - 4 scrolls of blinking
Potions
 e - 2 potions of curing
 f - 2 potions of flight
 s - 2 potions of invisibility
 u - a potion of lignification
 v - 2 potions of ambrosia
 z - a potion of cancellation
 H - 2 potions of brilliance
 I - a potion of resistance
 O - 2 potions of haste
 P - a potion of berserk rage
 T - a potion of heal wounds
Miscellaneous
 R - a phantom mirror


   Skills:
 + Level 8.2 Fighting
 - Level 2.0 Short Blades
 - Level 2.0 Staves
 - Level 3.0 Ranged Weapons
 - Level 1.0 Throwing
 - Level 6.0 Armour
 - Level 3.0 Dodging
 - Level 3.0 Stealth
 + Level 12.9 Spellcasting
 + Level 11.5 Conjurations
 + Level 5.7 Hexes
 - Level 3.0 Summonings
 - Level 4.0 Translocations
 - Level 1.0 Fire Magic
 - Level 3.0 Ice Magic
 - Level 3.0 Earth Magic
 - Level 3.0 Evocations


You had 17 spell levels left.
You knew the following spells:

 Your Spells              Type           Power      Damage    Failure   Level
a - Magic Dart            Conj           100%       1d8       0%          1
b - Searing Ray           Conj           100%       2d8       1%          2
c - Iskenderun's Mystic   Conj/Tloc      91%        2d18      1%          4
d - Sandblast             Erth           96%        2d20      1%          1
e - Fulminant Prism       Conj/Hex       47%        3d21      1%          4
f - Frozen Ramparts       Ice            96%        1d15      1%          3
g - Summon Small Mammal   Summ           100%       N/A       1%          1
i - Inner Flame           Hex/Fire       51%        N/A       1%          3

Your spell library contained the following spells:

 Spells                   Type           Power      Damage    Failure   Level
 Apportation              Tloc           100%       N/A       1%          1
 Necrotise                Necr           100%       1d9       1%          1
 Dazzling Flash           Conj/Hex       100%       N/A       1%          3


Dungeon Overview and Level Annotations

Branches:
Dungeon (9/15)             Temple (1/1) D:7            Lair (3/5) D:9
 Shoals (0/4) Lair:2          Orc (0/2) D:9         Gauntlet (1/1)
  Snake: Lair:2-3    Spider: Lair:2-3

Altars:
Ashenzari
Dithmenos
Elyvilon
Fedhas
Gozag
Hepliaklqana
Kikubaaqudgha
Makhleb
Nemelex Xobeh
Okawaru
Qazlal
Ru
Sif Muna
Trog
Uskayaw
Vehumet
Wu Jian
Xom
Zin
The Shining One

Shops:
D:5 !

Annotations:
D:3 1 runed translucent door, Iich's ghost, amateur MiBe
D:9 Erica
Lair:1 exclusion: oklob plant Gauntlet 9 transporters, 3 runed translucent doors


Message History

The floor.
You enter the transporter and appear at another place.
The sixfirhy barely misses you.
Casting: Iskenderun's Mystic Blast (safe; 1% risk of failure)
Confirm with . or Enter, or press ? or * to list all spells.
You feel a surge of power!
You erupt in a blast of force!
The mystic blast hits the sixfirhy!
The sixfirhy is moderately wounded.
The sixfirhy is knocked back by the mystic blast.
The sixfirhy slams into the stone wall!
The sixfirhy is moderately wounded.
The sixfirhy hits you. The sixfirhy shocks you!
The sixfirhy hits you but does no damage. x2
Unknown command.
Casting: Iskenderun's Mystic Blast (safe; 1% risk of failure)
Confirm with . or Enter, or press ? or * to list all spells.
You feel a surge of power!
You erupt in a blast of force!
The mystic blast hits the sixfirhy.
The sixfirhy is heavily wounded.
The sixfirhy is knocked back by the mystic blast.
The sixfirhy slams into the stone wall!
The sixfirhy is severely wounded.
The sixfirhy hits you but does no damage.
The sixfirhy hits you! The sixfirhy shocks you!
Unknown command.
The sixfirhy attacks as you move away! The sixfirhy misses you.
Casting: Iskenderun's Mystic Blast (safe; 1% risk of failure)
Confirm with . or Enter, or press ? or * to list all spells.
You feel a surge of power!
You erupt in a blast of force!
The mystic blast hits the sixfirhy!
The sixfirhy is moderately wounded.
The sixfirhy is knocked back by the mystic blast.
The sixfirhy slams into the stone wall!
The sixfirhy is heavily wounded.
The sixfirhy hits you. The sixfirhy shocks you! The sixfirhy hits you!
* * * LOW HITPOINT WARNING * * *
The sixfirhy shocks you!
* * * LOW HITPOINT WARNING * * *
The sixfirhy hits you!
You die...

#≈...............≈# ### ###
################### ###
##≈###≈###.................###≈##
#≈≈≈#≈≈≈#...8⌠8..8∩8..8⌠8...#≈≈≈#
.................................
#################################
©8#w......#8©8###..##.#8©8#=.#.##
..#...^##.#...#".##..##...##.##..
..#?.^.##w#...#.@#.##3#...###..#.
.©#w###©..#©.©#©#33#.##©.©#©.#©##
###w###...#####.#.#3#.######.##..
..#"###.#.#...#(##..#.#...###..#.
8.#....ww.#.8.##..##.##.8.#..#.##
..#########...#########...#######
.................................
#≈≈≈#≈≈≈#≈≈≈#≈≈≈#≈≈≈#≈≈≈#≈≈≈#≈≈≈#
##≈###≈###≈###≈###≈###≈###≈###≈##


You could see 3 sixfirhies and a swamp worm.

Vanquished Creatures
  A hydra (D:9)
  A centaur warrior (D:9)
  A boulder beetle (D:9)
  3 two-headed ogres
  An ugly thing (D:9)
  3 black mambas
  A smoke demon (Gauntlet)
  A freezing wraith (D:8)
  A rime drake (Lair:1)
  3 komodo dragons
  3 cane toads
  A tengu conjurer (D:9)
  A polar bear (Lair:2)
  A red devil (Gauntlet)
  2 slime creatures (Gauntlet)
  5 blink frogs (Lair:2)
  20 yaks
  3 wyverns
  A fire bat (Lair:3)
  A steam dragon (D:8)
  2 wargs (D:9)
  Menkaure (D:7)
  An acid dragon (D:9)
  6 water moccasins
  4 black bears
  3 ice beasts
  A sky beast (D:6)
  6 orc warriors
  An ogre (D:5)
  14 wolves
  3 centaurs
  6 phantoms
  8 bullfrogs
  A kobold brigand (D:7)
  5 scorpions
  5 wights (D:9)
  5 howler monkeys
  3 crimson imps (Gauntlet)
  An electric eel (D:7)
  4 jellies
  4 hounds
  5 orc priests
  2 gnoll boudas
  Jessica (D:3)
  An iguana (D:5)
  6 orc wizards (D:9)
  7 gnolls
  7 adders
  A shadow imp (D:5)
  2 white imps
  3 ufetubi
  2 worms
  3 dart slugs
  19 orcs
  5 ball pythons
  3 bats (D:3)
  3 endoplasms
  2 goblins
  3 hobgoblins
  3 quokkas (D:1)
  4 frilled lizards
  11 kobolds
  3 rats
234 creatures vanquished.

Vanquished Creatures (collateral kills)
  A hound (D:5)
1 creature vanquished.

Vanquished Creatures (others)
  10 fungi
  56 plants
66 creatures vanquished.

Grand Total: 301 creatures vanquished

Notes
Turn   | Place    | Note
-------+----------+-------------------------------------------
     0 | D:1      | Lobster4 the Deep Elf Conjurer began the quest for the Orb.
     0 | D:1      | Reached XP level 1. HP: 10/10 MP: 6/6
   259 | D:1      | Reached XP level 2. HP: 15/15 MP: 2/8
   262 | D:1      | Learned a level 2 spell: Searing Ray
  1534 | D:2      | Found a sparkling altar of Nemelex Xobeh.
  1700 | D:2      | Reached XP level 3. HP: 20/20 MP: 2/9
  2480 | D:3      | Found a runed translucent door.
  2483 | D:3      | Noticed Iich's ghost (amateur MiBe)
  2590 | D:3      | Found a glowing silver altar of Zin.
  2590 | D:3      | Noticed Jessica
  2602 | D:3      | Killed Jessica
  2603 | D:3      | Reached skill level 1 in Fighting
  2603 | D:3      | Reached XP level 4. HP: 25/25 MP: 7/11
  2798 | D:4      | Reached skill level 1 in Armour
  2824 | D:4      | Noticed a phantom
  2858 | D:4      | Noticed a phantom
  2868 | D:4      | Reached skill level 1 in Ranged Weapons
  2924 | D:4      | Identified the +1 pair of gloves of Nehise Rohe {*Slow
                  | rPois Str-5 Dex+9}
  3103 | D:4      | Reached skill level 1 in Staves
  3107 | D:4      | Reached skill level 1 in Fire Magic
  3313 | D:4      | Identified the +1 helmet "Heuckain" {rF+}
  3318 | D:4      | You fall into a shaft and drop 3 floors!
  3344 | D:6      | Reached XP level 5. HP: 29/29 MP: 6/12
  3423 | D:6      | Noticed an ice beast
  3423 | D:6      | Noticed a black bear
  3472 | D:6      | Noticed an ice beast
  3483 | D:6      | Killed an ice beast
  3484 | D:6      | Reached skill level 1 in Short Blades
  3484 | D:6      | Reached skill level 4 in Spellcasting
  3484 | D:6      | Reached skill level 1 in Evocations
  3898 | D:5      | Entered Level 5 of the Dungeon
  3903 | D:5      | Reached XP level 6. HP: 28/34 MP: 8/14
  3957 | D:5      | Found Liulu's Distillery.
  3962 | D:5      | Bought a potion of degeneration for 14 gold pieces
  3965 | D:5      | Bought a potion of curing for 42 gold pieces
  3965 | D:5      | Bought a potion of heal wounds for 70 gold pieces
  4670 | D:4      | Reached skill level 5 in Conjurations
  5305 | D:5      | Reached skill level 1 in Throwing
  5305 | D:5      | Reached XP level 7. HP: 39/39 MP: 7/15
  5518 | D:5      | Identified a scroll of acquirement
  5523 | D:5      | Learned a level 4 spell: Iskenderun's Mystic Blast
  5523 | D:5      | Acquired a staff of conjuration
  5743 | D:5      | Reached skill level 1 in Translocations
  5795 | D:5      | Reached skill level 5 in Spellcasting
  6183 | D:5      | Reached XP level 8. HP: 45/45 MP: 13/18
  6473 | D:6      | Found a sacrificial altar of Ru.
  6479 | D:6      | Found a white marble altar of Elyvilon.
  6479 | D:6      | Found a stormy altar of Qazlal.
  6482 | D:6      | Found a glowing golden altar of the Shining One.
  6748 | D:6      | Reached skill level 6 in Spellcasting
  7420 | D:7      | Noticed a two-headed ogre
  7461 | D:7      | Reached skill level 7 in Spellcasting
  7466 | D:7      | Reached XP level 9. HP: 23/52 MP: 12/21
  7634 | D:7      | Found a staircase to the Ecumenical Temple.
  7642 | Temple   | Entered the Ecumenical Temple
  7695 | Temple   | Became a worshipper of Vehumet
  7799 | D:7      | Noticed Menkaure
  7804 | D:7      | Killed Menkaure
  8119 | D:7      | Learned a level 1 spell: Summon Small Mammal
  8530 | D:7      | Found a shimmering blue altar of Sif Muna.
  8544 | D:7      | Reached skill level 1 in Summonings
  8830 | D:8      | Reached skill level 8 in Spellcasting
  9291 | D:8      | Reached skill level 5 in Fighting
  9743 | D:9      | Reached XP level 10. HP: 59/59 MP: 12/24
  9881 | D:9      | Found a staircase to the Lair.
  9893 | D:9      | Noticed a two-headed ogre
  9901 | D:9      | Killed a two-headed ogre
  9902 | D:9      | Reached skill level 9 in Spellcasting
  9935 | D:9      | Noticed a green ugly thing
  9945 | D:9      | Killed a green ugly thing
  9946 | D:9      | Reached skill level 5 in Armour
 10011 | D:9      | Reached * piety under Vehumet
 10011 | D:9      | Offered knowledge of Freeze by Vehumet.
 10132 | D:9      | Noticed Erica
 10190 | D:9      | Identified the +3 trident "Yckioh" {freeze, rPois Int+2}
 10190 | D:9      | Noticed a centaur warrior
 10229 | D:9      | Killed a centaur warrior
 10462 | D:8      | Reached skill level 10 in Spellcasting
 10606 | D:9      | Noticed a boulder beetle
 10622 | D:9      | Noticed a two-headed ogre
 10629 | D:9      | Killed a two-headed ogre
 10882 | D:7      | Killed a two-headed ogre
 10986 | D:7      | Found a staircase to the Ecumenical Temple.
 11151 | D:7      | Found a shimmering blue altar of Sif Muna.
 11385 | D:9      | Reached XP level 11. HP: 43/66 MP: 22/27
 11436 | D:9      | Killed a boulder beetle
 11465 | D:9      | Noticed a five-headed hydra
 11475 | D:9      | Killed a five-headed hydra
 11476 | D:9      | Reached skill level 11 in Spellcasting
 11693 | D:9      | Learned a level 4 spell: Fulminant Prism
 11764 | D:9      | Reached skill level 10 in Conjurations
 11793 | D:9      | Reached skill level 1 in Hexes
 11912 | D:9      | Found a staircase to the Orcish Mines.
 12006 | D:9      | Noticed a centaur warrior
 12020 | Lair:1   | Entered Level 1 of the Lair of Beasts
 12359 | Lair:1   | Reached ** piety under Vehumet
 12368 | Lair:1   | Offered knowledge of Sandblast by Vehumet.
 12376 | Lair:1   | Learned a level 1 spell: Sandblast
 12573 | Lair:1   | Reached skill level 1 in Earth Magic
 12914 | Lair:1   | Noticed an oklob plant
 13194 | Lair:2   | Reached skill level 12 in Spellcasting
 13204 | Lair:2   | Offered knowledge of Frozen Ramparts by Vehumet.
 13208 | Lair:2   | Reached skill level 5 in Hexes
 13212 | Lair:2   | Learned a level 3 spell: Frozen Ramparts
 13349 | Lair:2   | Reached skill level 1 in Ice Magic
 13354 | Lair:2   | Reached XP level 12. HP: 27/73 MP: 15/30
 13565 | Lair:2   | Reached *** piety under Vehumet
 13862 | Lair:2   | Found a staircase to the Shoals.
 14529 | Lair:3   | Found a gate leading to a gauntlet.
 14540 | Gauntlet | Entered a Gauntlet
 14540 | Gauntlet | Found a transporter.
 14552 | Gauntlet | Found a transporter.
 14552 | Gauntlet | Found a transporter.
 14553 | Gauntlet | Found a transporter.
 14562 | Gauntlet | Found a transporter.
 14564 | Gauntlet | Found a transporter.
 14565 | Gauntlet | Found a transporter.
 14574 | Gauntlet | Found a transporter.
 14577 | Gauntlet | Found a transporter.
 14578 | Gauntlet | Found a transporter.
 14586 | Gauntlet | Found a transporter.
 14589 | Gauntlet | Found a transporter.
 14590 | Gauntlet | Found a transporter.
 14596 | Gauntlet | Found a runed translucent gate.
 14596 | Gauntlet | Found a runed translucent gate.
 14596 | Gauntlet | Found a runed translucent gate.
 14598 | Gauntlet | Found a transporter.
 14688 | Gauntlet | Offered knowledge of Inner Flame by Vehumet.
 14702 | Gauntlet | Learned a level 3 spell: Inner Flame
 14755 | Gauntlet | Slain by a sixfirhy

Illustrated notes

Levels and vault maps discovered:
D:1:      spicycebolla_arrival_xxxplode, layout_loops_ring
D:2:      layout_loops_corners, basic_altar, minmay_tromino_v2
D:3:      layout_basic, overflow_temple_1_default,
          ebering_ghost_reflecting_pool, uniq_jessica
D:4:      layout_basic, kennysheep_path_1
D:5:      layout_gridville, serial_shops, nicolae_shop_hallway_plus
D:6:      minmay_bubble_buster, layout_loops_corners, minitemple
D:7:      layout_loops_ring, overflow_temple_1_default,
          minmay_temple_entry_wispy, minmay_crystal_water,
          serial_bayou_lagoon_b, uniq_menkaure
D:8:      layout_loops_ring
D:9:      minmay_the_grid_triangle_9x9_recursive_2_mashed
          [minmay_the_grid_triangle_9x9_prize_schism,
          minmay_the_grid_triangle_9x9_windchime,
          minmay_the_grid_triangle_9x9_corrupted_corridor,
          minmay_the_grid_triangle_9x9_wacky_v], layout_stronghold,
          erik_lair_orcish_takeover, david_orc_4, uniq_erica
Temple:   zaba_magenta_temple
Lair:1:   layout_gridlike, minivault_26, infiniplex_staircase_pool
Lair:2:   layout_layer_cave, minmay_shoals_entry_centaurs,
          chequers_serial_rivers_small_b
Lair:3:   layout_gridlike, spider_nest_entry_webs, gauntlet_entry_generic,
          lemuel_fruit_tree, grunt_megastairs_1
Gauntlet: gammafunk_gauntlet_77_escape_option [minmay_gauntlet_arena_77_box,
          minmay_gauntlet_arena_77_tiled_triplets,
          minmay_gauntlet_arena_77_mess, minmay_gauntlet_arena_77_block_sizes,
          minmay_gauntlet_arena_77_run_for_it, gauntlet_exit_green]

Skill      XL: |  1  2  3  4  5  6  7  8  9 10 11 12 |
---------------+-------------------------------------+-----
Stealth        | 3 |  3.0
Fighting       | 1 2 4 5 6 7 8 |  8.2
Armour         | 1 2 3 4 5 6 |  6.0
Dodging        | 3 |  3.0
Ranged Weapons | 1 2 3 |  3.0
Staves         | 1 2 |  2.0
Fire Magic     | 1 |  1.0
Short Blades   | 1 2 |  2.0
Spellcasting   | 4 5 7 8 10 12 | 12.9
Evocations     | 1 2 3 |  3.0
Conjurations   | 5 7 8 9 11 | 11.5
Throwing       | 1 |  1.0
Translocations | 1 4 |  4.0
Summonings     | 3 |  3.0
Hexes          | 5 |  5.7
Earth Magic    | 3 |  3.0
Ice Magic      | 1 3 |  3.0

Action                   |  1- 3 |  4- 6 |  7- 9 | 10-12 || total
-------------------------+-------+-------+-------+-------++-------
Melee: Rapier            |       |     1 |       |       ||     1
       Staff             |       |       |       |     5 ||     5
Throw: Dart              |       |       |       |     2 ||     2
 Cast: Magic Dart        |    65 |    40 |    71 |   100 ||   276
       Searing Ray       |     4 |    12 |    53 |    89 ||   158
       Iskenderun's Myst |       |       |    20 |   106 ||   126
Evoke: Wand              |       |       |     2 |    11 ||    13
  Use: Scroll            |       |    19 |     5 |     8 ||    32
       Potion            |       |       |     1 |     6 ||     7
Armor: Robe              |     1 |     1 |     1 |       ||     3
       Leather armour    |       |       |     5 |    41 ||    46
Dodge: Dodged            |     3 |    11 |    20 |    59 ||    93

Table legend: (Time is in decaauts)
 A = Elapsed time spent in this place.
 B = Non-inter-level travel time spent in this place.
 C = Inter-level travel time spent in this place.
 D = Time resting spent in this place.
 E = Time spent auto-exploring this place.
 F = Levels seen in this place.
 G = Mean time per level.
                   A        B        C        D        E       F      G
               +--------+--------+--------+--------+--------+-----+--------+
         Total |  14811 |  14044 |    767 |   2443 |   8889 |  14 | 1057.9 |
       Dungeon |  12004 |  11369 |    635 |   1719 |   7583 |   9 | 1333.8 |
        Temple |     70 |     54 |     16 |      0 |     41 |   1 |   70.0 |
          Lair |   2521 |   2405 |    116 |    705 |   1150 |   3 |  840.3 |
      Gauntlet |    214 |    214 |      0 |     19 |    115 |   1 |  214.0 |
               +--------+--------+--------+--------+--------+-----+--------+

Top non-repeatable levels by time:
     D:7: 1918 daAuts
     D:6: 1777 daAuts
     D:4: 1713 daAuts
  Lair:1: 1390 daAuts
     D:8: 1370 daAuts
     D:5: 1250 daAuts
     D:9: 1171 daAuts
     D:1: 1041 daAuts
  Lair:2: 947 daAuts
     D:3: 904 daAuts
     D:2: 858 daAuts
Gauntlet: 214 daAuts
  Lair:3: 183 daAuts
  Temple: 70 daAuts
